 Dungeon Crawl Stone Soup version 0.16.1-14-g82efdee (webtiles) character file.

89 hulla the Changer (level 4, -2/28 HPs)
             Began as an Octopode Transmuter on Apr 11, 2015.
             Slain by Sigmund
             ... wielding a +0 scythe
              (10 damage)
             ... on level 2 of the Dungeon.
             The game lasted 00:10:51 (3089 turns).

hulla the Changer (Octopode Transmuter)             Turns: 3089, Time: 00:10:51

Health: -2/28      AC:  1    Str:  9    XL:     4   Next: 55%
Magic:  5/7        EV: 12    Int: 16    God:
Gold:   88         SH:  0    Dex: 12    Spells: 3 memorised, 1 level left

rFire  . . .     SeeInvis .       - Unarmed
rCold  + . .     Clarity  .     (no shield)
rNeg   . . .     SustAb   .     (helmet restricted)
rPois  .         Gourm    .     (no amulet)
rElec  .         Spirit   .     (no ring)
rCorr  .         Warding  .     n - ring of protection from cold
rMut   .         Stasis   .     (no ring)
MR     .....                    (no ring)
Stlth  ++........               (no ring)
                                (no ring)
                                (no ring)
                                (no ring)

@: not resistant to hostile enchantments, unstealthy
A: almost no armour, amphibious, 8 rings, constrict 8, camouflage 1, gelatinous
body 1
a: no special abilities


You were on level 2 of the Dungeon.
You were not hungry.

You visited 1 branch of the dungeon, and saw 2 of its levels.

You collected 88 gold pieces.

Inventory:

Hand weapons
 a - a +0 hunting sling
Missiles
 b - 37 arrows
 e - 54 stones (quivered)
 h - 11 arrows of frost
Jewellery
 n - a ring of protection from cold (right tentacle)
Scrolls
 j - 2 scrolls of fear
 k - 3 scrolls of identify
Potions
 i - 2 potions of curing
 l - 2 potions of brilliance {unknown}
 o - a potion of ambrosia {unknown}
 p - a potion of lignification {unknown}
Books
 d - a book of Changes

   Spells                             Type                      Level
   a - Beastly Appendage              Transmutation                1
   b - Sticks to Snakes               Transmutation                2
   c - Spider Form                    Transmutation/Poison         3
   d - Ice Form                       Ice/Transmutation            4
   e - Blade Hands                    Transmutation                5
Comestibles
 c - a chunk of flesh
 f - a beef jerky
 g - a royal jelly
 m - 3 bread rations


   Skills:
 - Level 1.0 Fighting
 - Level 2.0 Dodging
 - Level 3.0 Unarmed Combat
 - Level 2.0 Spellcasting
 + Level 4.1 Transmutations
 + Level 2.2 Poison Magic


You had one spell level left.
You knew the following spells:

 Your Spells              Type           Power        Failure   Level  Hunger
a - Beastly Appendage     Trmt           ##....       4%          1    #......
b - Spider Form           Trmt/Pois      ##........   17%         3    ###....
c - Sticks to Snakes      Trmt           ##........   8%          2    ###....


Dungeon Overview and Level Annotations

Branches:
Dungeon (2/15)

Altars:

Annotations:
D:2 Sigmund


Innate Abilities, Weirdness & Mutations

You cannot wear most types of armour.
You are amphibious.
You can wear up to eight rings at the same time.
You can use your tentacles to constrict many enemies at once.
Your skin changes colour to match your surroundings (Stealth).
Your rubbery body absorbs attacks (AC +1).


Message History

Sigmund misses you.
You hit Sigmund.
Sigmund is moderately wounded.
You hit Sigmund.
Sigmund looks even sicker.
Sigmund is moderately wounded.
Sigmund misses you.
You hit Sigmund but do no damage.
Sigmund is heavily wounded.
Sigmund hits you with a scythe!
You hit Sigmund.
Sigmund is severely wounded.
You hit Sigmund.
Sigmund is severely wounded.
Sigmund hits you with a scythe!
* * * LOW HITPOINT WARNING * * *
You barely miss Sigmund.
Sigmund is severely wounded.
Your transformation has ended.
Sigmund hits you with a scythe!
You die...

##.# ##### #.# #.. #.# #...#
#.# #.# #.# #...# #.# #.#
#.####...#### #.##### #.#
#.#.........#####.#...# #..
#.#.....=.............# #..
#.#.....>....###.#....# #..
#.####...##..###...#.#####..
#.# #...##@................
#.# #...##@####............
#.# ##.##...####.##.######.
#.# #...........#### ###.
#.# #..#...###..# #...
#.#####..#.#####..# #.##
#..)...........#..# #.#
#####.##.#........# #.#
#.##...###%#.########.##


You could see Sigmund.

Vanquished Creatures
  Robin (D:2)
  2 adders (D:2)
  A giant gecko (D:1)
  7 bats
  4 giant cockroaches
  15 goblins
  10 hobgoblins
  2 jackals (D:2)
  2 quokkas (D:2)
  2 ball pythons
  A giant newt (D:1)
  4 kobolds
  3 rats
54 creatures vanquished.

Notes
Turn   | Place    | Note
--------------------------------------------------------------
     0 | D:1      | hulla, the Octopode Transmuter, began the quest for the Orb.
     0 | D:1      | Reached XP level 1. HP: 13/13 MP: 3/3
   403 | D:1      | Reached XP level 2. HP: 8/18 MP: 4/4
  1557 | D:1      | Reached XP level 3. HP: 23/23 MP: 6/6
  1568 | D:1      | Learned a level 3 spell: Spider Form
  1571 | D:1      | Learned a level 2 spell: Sticks to Snakes
  1823 | D:2      | Reached skill level 1 in Poison Magic
  1896 | D:2      | Noticed Sigmund
  1931 | D:2      | Noticed Robin
  2309 | D:2      | Reached XP level 4. HP: 19/28 MP: 3/7
  2782 | D:2      | Reached skill level 4 in Transmutations
  2791 | D:2      | Killed Robin
  3089 | D:2      | Slain by Sigmund

Action                   |  1- 3 |  4- 6 || total
-------------------------+-------+-------++-------
Melee: Unarmed           |    75 |    57 ||   132
 Fire: Hunting sling     |    13 |     2 ||    15
Throw: Stone             |       |     2 ||     2
 Cast: Beastly Appendage |     6 |     4 ||    10
       Spider Form       |     3 |     3 ||     6
 Abil: End Transformatio |       |     1 ||     1
  Use: Potion            |     1 |     2 ||     3
       Scroll            |     4 |     2 ||     6
 Stab: Sleeping          |     3 |       ||     3
  Eat: Chunk             |     4 |     4 ||     8
